 Dungeon Crawl Stone Soup version 0.30-a0-141-g30f27751c5 (webtiles) character file.

Game seed: 7686850593523121468

297 qw the Chopper (level 6, -5/38 HPs)
             Began as a Gargoyle Fighter on Sept 25, 2022.
             Slain by an ogre
             ... wielding a +0 giant club
              (15 damage)
             ... on level 4 of the Dungeon.
             The game lasted 00:01:12 (4377 turns).

qw the Chopper (Gargoyle Fighter)                   Turns: 4377, Time: 00:01:12

Health: -5/38      AC: 16    Str: 21    XL:     6   Next: 35%
Magic:  0/6        EV:  7    Int:  9    God:
Gold:   133        SH:  4    Dex:  9    Spells: 5/5 levels left

rFire   . . .      SeeInvis .    Y - +0 war axe
rCold   . . .      Faith    .    c - +0 buckler
rNeg    + . .      Spirit   +    g - +0 chain mail
rPois   inf        Reflect  .    e - +2 helmet
rElec   +          Harm     .    (no cloak)
rCorr   .          Rampage  .    (no gloves)
Will    .....                    (no boots)
Stlth   ..........               a - amulet of guardian spirit
HPRegen 0.12/turn                (no ring)
MPRegen 0.10/turn                (no ring)

@: no status effects
A: sickness immunity, AC +4, negative energy resistance 1, electricity
resistance, torment resistance 1, petrification resistance
a: no special abilities


You were on level 4 of the Dungeon.
You visited 1 branch of the dungeon, and saw 4 of its levels.

You collected 133 gold pieces.


Innate Abilities, Weirdness & Mutations

You are immune to sickness and miasma.
Your stone body is resilient. (AC +4)
You are immune to poison.
You resist negative energy. (rN+)
You are resistant to electric shocks. (rElec)
You are resistant to unholy torment.
You are immune to petrification.


   Skills:
 - Level 4.1 Fighting
 + Level 5.5 Axes
 - Level 3.2 Armour
 - Level 3.2 Shields


You had 5 spell levels left.
You didn't know any spells.
Your spell library was empty.

Inventory:

Hand Weapons
 l - a +0 whip
 Y - a +0 war axe (weapon)
Missiles
 f - 2 boomerangs (quivered)
Armour
 c - a +0 buckler (worn)
 e - a +2 helmet (worn)
 g - a +0 chain mail (worn)
Jewellery
 a - an amulet of guardian spirit (around neck)
Scrolls
 h - a scroll of teleportation
 n - a scroll of identify
Potions
 b - a potion of mutation
 d - a potion of might
 i - a potion of invisibility {unknown}
 k - a potion of curing {unknown}
 m - a potion of berserk rage {unknown}

Dungeon Overview and Level Annotations

Branches:
Dungeon (4/15)
 Temple: D:4-7

Altars:

Annotations:
D:3 1 runed translucent door, qw's ghost, amateur GrFi


Message History

There is a stone staircase leading up here.
An ogre comes into view. It is wielding a +0 giant club.
Found a thick beryl amulet.
The ogre shouts!
Throw: 2 boomerangs
Press: ? - help, Q - select action Shift-Dir - straight line, f - ogre You throw a boomerang.
The boomerang barely misses the ogre.
Throw: 2 boomerangs
Press: ? - help, Q - select action Shift-Dir - straight line, f/p - ogre You throw a boomerang.
The boomerang barely misses the ogre.
Throw: 2 boomerangs
Press: ? - help, Q - select action Shift-Dir - straight line, f/p - ogre You throw a boomerang.
The boomerang hits the ogre.
The ogre is lightly wounded.
You hit the ogre.
The ogre is lightly wounded.
A quokka comes into view.
The ogre hits you with a +0 giant club.
4372 ||| Stepping ~*~*~tactically~*~*~ (stealth).
A quokka comes into view.
You slash the ogre!
The ogre is heavily wounded.
The ogre hits you with a +0 giant club!
You completely miss the ogre.
The ogre is heavily wounded.
The ogre hits you with a +0 giant club!
You barely miss the ogre.
The ogre is heavily wounded.
The quokka completely misses you.
You hit the ogre.
The ogre is heavily wounded.
You barely miss the quokka. The ogre hits you with a +0 giant club!
The quokka bites you but does no damage.
You slash the ogre!
The ogre is almost dead.
You hit the quokka.
You kill the quokka!
The ogre hits you with a +0 giant club!
You die...

#.#..#.####
#.#.#.#..#..
#.#.#.#..#.#
###.#...#..#.#
...#.###..#.#
#..#......#.#
#####..#.#......#
.......#.##..#########
#..@.............#
####O#)#.#######.#
.r.."...#.#.# #.#
#########.#.# #.#
....# #.# ###.# #.#
#.# #<# #.# ###


You could see an ogre.

Vanquished Creatures
  A howler monkey (D:4)
  A hound (D:4)
  A jelly (D:3)
  Jessica (D:2)
  Natasha (thrice) (D:3)
  4 adders
  3 orcs
  4 ball pythons
  7 endoplasms
  5 giant cockroaches
  7 goblins
  9 hobgoblins
  3 quokkas
  5 bats (D:1)
  3 frilled lizards
  A kobold (D:2)
  6 rats
64 creatures vanquished.

Notes
Turn   | Place    | Note
-------+----------+-------------------------------------------
     0 | D:1      | qw the Gargoyle Fighter began the quest for the Orb.
     0 | D:1      | Reached XP level 1. HP: 14/14 MP: 1/1
     0 | D:1      | 0 ||| qw: Version: 0.2-a-10-g399e6c4
     0 | D:1      | 0 ||| qw: Game counter: 130
     0 | D:1      | 0 ||| qw: Always use a shield: true
     0 | D:1      | 0 ||| qw: God list: Okawaru
     0 | D:1      | 0 ||| qw: Allow faded altars: false
     0 | D:1      | 0 ||| qw: Do Orc after D:15 true
     0 | D:1      | 0 ||| qw: Do second Lair branch before Depths: true
     0 | D:1      | 0 ||| qw: Lair rune preference: random
     0 | D:1      | 0 ||| qw: Plans: Normal, Zot:1-4, God:TSO, Crypt, Tomb,
                  | Pan, Slime:5, Hells, Abyss, Orb
     0 | D:1      | 0 ||| PLANNING D:1-11
    35 | D:1      | Reached skill level 2 in Axes
   272 | D:1      | Reached XP level 2. HP: 9/19 MP: 2/2
   392 | D:1      | 392 ||| Stepping ~*~*~tactically~*~*~ (stealth).
   642 | D:1      | 642 ||| DROPPING +0 club.
   875 | D:1      | Reached skill level 3 in Axes
   974 | D:1      | Reached XP level 3. HP: 16/23 MP: 3/3
  1187 | D:1      | 1187 ||| UPGRADING to +2 helmet.
  1192 | D:1      | 1192 ||| READING scroll labelled LIURPHI RAODD.
  1193 | D:1      | 1193 ||| READING scroll labelled KEICLUEZ ROIG.
  1194 | D:1      | 1194 ||| READING 2 scrolls labelled PYAR QESOUWE.
  1198 | D:1      | 1198 ||| READING scroll labelled QOAF WEYCHE.
  2215 | D:2      | Noticed Jessica
  2219 | D:2      | Killed Jessica
  2220 | D:2      | Reached XP level 4. HP: 28/28 MP: 4/4
  2385 | D:2      | Reached skill level 4 in Axes
  2466 | D:2      | 2466 ||| UPGRADING to +0 chain mail.
  2476 | D:2      | 2476 ||| DROPPING +0 scale mail.
  2477 | D:2      | 2477 ||| READING scroll labelled DUQATHR DUCUI.
  2578 | D:2      | 2578 ||| READING scroll labelled LEGRUS JAVVURPH.
  2634 | D:3      | Noticed Natasha
  2638 | D:3      | Killed Natasha
  2643 | D:3      | HP: 7/28 [acid (1)]
  2644 | D:3      | 2644 ||| READING 3 scrolls of teleportation.
  2646 | D:3      | Reached XP level 5. HP: 9/32 MP: 5/5
  3017 | D:3      | Noticed qw's ghost (amateur GrFi)
  3099 | D:3      | Found a runed translucent door.
  3486 | D:3      | Reached skill level 5 in Axes
  3548 | D:3      | Noticed Natasha
  3549 | D:3      | 3549 ||| Stepping ~*~*~tactically~*~*~ (stealth).
  3551 | D:3      | 3551 ||| Stepping ~*~*~tactically~*~*~ (hiding).
  3562 | D:3      | Killed Natasha
  3572 | D:3      | 3572 ||| Stepping ~*~*~tactically~*~*~ (stealth).
  3594 | D:3      | Noticed Natasha
  3595 | D:3      | 3595 ||| Stepping ~*~*~tactically~*~*~ (hiding).
  3596 | D:3      | 3596 ||| Stepping ~*~*~tactically~*~*~ (hiding).
  3597 | D:3      | 3597 ||| Stepping ~*~*~tactically~*~*~ (hiding).
  3602 | D:3      | Killed Natasha
  3625 | D:3      | 3625 ||| FLEEEEING.
  3763 | D:3      | 3763 ||| UPGRADING to amulet of guardian spirit.
  3768 | D:3      | 3768 ||| DROPPING ring of wizardry.
  3769 | D:3      | 3769 ||| DRINKING 2 golden potions.
  3770 | D:3      | 3770 ||| DROPPING potion of flight.
  3771 | D:3      | 3771 ||| READING 2 scrolls of teleportation.
  3863 | D:3      | Found a faded altar of an unknown god.
  4123 | D:4      | Reached XP level 6. HP: 38/38 MP: 6/6
  4241 | D:4      | 4241 ||| FLEEEEING.
  4242 | D:4      | 4242 ||| FLEEEEING.
  4243 | D:4      | 4243 ||| FLEEEEING.
  4247 | D:4      | 4247 ||| STAIRDANCE
  4321 | D:3      | 4321 ||| READING scroll labelled TEG OR VAUSUU.
  4322 | D:3      | 4322 ||| READING 2 scrolls of identify.
  4322 | D:3      | 4322 ||| IDENTIFYING fizzy white potion
  4372 | D:4      | 4372 ||| Stepping ~*~*~tactically~*~*~ (stealth).
  4377 | D:4      | Slain by an ogre

Levels and vault maps discovered:
D:1:      lemuel_arrival_broad_hall, layout_basic
D:2:      layout_basic, uniq_jessica
D:3:      layout_loops_ring, ebering_ecumenical_altar_abandoned,
          hellmonk_ghost_happy_afterlife, columned_hall_lemuel, uniq_natasha
D:4:      layout_basic, nicolae_shop_clearance

Skill      XL: |  1  2  3  4  5 |
---------------+----------------+-----
Axes           | 2 3 4 5 |  5.5
Fighting       | 4 |  4.1
Armour         | |  3.2
Shields        | |  3.2

Action                   |  1- 3 |  4- 6 || total
-------------------------+-------+-------++-------
Melee: War axe           |    97 |   130 ||   227
Throw: Boomerang         |       |    11 ||    11
  Use: Scroll            |     4 |     6 ||    10
       Potion            |       |     1 ||     1
Armor: Scale mail        |    53 |    11 ||    64
       Chain mail        |       |    73 ||    73
Dodge: Dodged            |    44 |    31 ||    75
Block: Buckler           |    17 |    20 ||    37

Table legend:
 A = Non-vault XP
 B = Vault XP
 C = Vault XP percentage of total XP
 D = Non-vault monster count
 E = Vault monster count
 F = Vault count percentage of total count
                 A         B        C        D         E       F
            +---------+---------+-------+---------+---------+-------
      Total |     355 |      72 |  16.9 |      62 |       2 |   3.1
            +---------+---------+-------+---------+---------+-------
        D:1 |      43 |       0 |   0.0 |      24 |       0 |   0.0
        D:2 |      23 |      37 |  61.7 |       8 |       1 |  11.1
        D:3 |     165 |      35 |  17.5 |      20 |       1 |   4.8
        D:4 |     124 |       0 |   0.0 |      10 |       0 |   0.0
            +---------+---------+-------+---------+---------+-------
